 Dungeon Crawl Stone Soup version 0.30-a0-1016-gfb0d676c02 (webtiles) character file.

Game seed: 17458787104558743782

91 DeathPants the Insei (level 4, 0/23 HPs)
             Began as a Vine Stalker Transmuter on Apr 6, 2023.
             Slain by a sky beast (3 damage)
             ... on level 4 of the Dungeon.
             The game lasted 00:08:46 (2667 turns).

DeathPants the Insei (Vine Stalker Transmuter)      Turns: 2667, Time: 00:08:47

Health: 0/23       AC:  3    Str: 20    XL:     4   Next: 57%
Magic:  0/9        EV: 12    Int: 13    God:
Gold:   118        SH:  0    Dex: 15    Spells: 5/8 levels left

rFire   . . .      SeeInvis .      - Unarmed
rCold   . . .      Faith    .    (no shield)
rNeg    . . .      Spirit   +    a - +1 robe
rPois   .          Reflect  .    u - melded +0 helmet {Int+3}
rElec   .          Rampage  .    (no cloak)
rCorr   .                        (no gloves)
Will    .....                    (boots currently unavailable)
Stlth   +                        c - amulet of regeneration
HPRegen 1.83/turn                q - +6 ring of strength
MPRegen 0.11/turn                (no ring)

@: appendages
A: horns 2, talons 2, fangs 2, regeneration 1, magic shield, antimagic bite, no
potion heal 2
a: End Transformation


You were on level 4 of the Dungeon.
You had temporarily grown beastly horns and talons.
You visited 1 branch of the dungeon, and saw 5 of its levels.

You collected 118 gold pieces.

Inventory:

Hand Weapons
 h - the +6 dagger of Valiance {venom, rC+}
   (You found it on level 4 of the Dungeon)

   rC:        It protects you from cold.
Armour
 a - a +1 robe (worn)
 i - a +1 leather armour of fire resistance
 t - a +0 buckler
 u - a +0 helmet of intelligence (melded)
Jewellery
 c - an amulet of regeneration (around neck)
 f - a ring of see invisible
 q - a +6 ring of strength (left hand)
Wands
 v - a wand of flame (9)
Scrolls
 e - a scroll of amnesia
 g - a scroll of enchant weapon
Potions
 b - a potion of lignification
 d - a potion of attraction
 j - 2 potions of might
 k - a potion of brilliance
 l - 3 potions of heal wounds {unknown}
 m - a potion of curing {unknown}
 p - a potion of haste {unknown}


   Skills:
 + Level 1.8 Fighting
 + Level 2.1 Dodging
 + Level 3.5 Unarmed Combat
 + Level 2.8 Spellcasting
 + Level 2.7 Transmutations


You had 5 spell levels left.
You knew the following spells:

 Your Spells              Type           Power      Damage    Failure   Level
a - Beastly Appendage     Tmut           16%        N/A       8%          1
b - Wereblood             Tmut           8%         N/A       12%         2

Your spell library contained the following spells:

 Spells                   Type           Power      Damage    Failure   Level
 Necrotise                Necr           4%         1d4       24%         1
 Lesser Beckoning         Tloc           2%         N/A       34%         2
 Spider Form              Tmut/Pois      5%         N/A       38%         3
 Ice Form                 Ice/Tmut       5%         N/A       80%         4
 Iskenderun's Mystic Bla  Conj/Tloc      1%         2d3       93%         4
 Malign Gateway           Summ/Tloc      0%         N/A       100%        7


Dungeon Overview and Level Annotations

Branches:
Dungeon (5/15)
 Temple: D:4-7

Altars:


Innate Abilities, Weirdness & Mutations

You have temporarily grown beastly horns and talons.
You have extremely sharp teeth.
Your natural rate of healing is unusually fast.
When hurt, damage is shared between your health and your magic reserves.
Your bite disrupts and absorbs the magic of your enemies.
Potions cannot restore your health.


Message History

Found 3 poisoned darts.
There is a stone staircase leading up here.
The sky beast hits you but does no damage.
You climb upwards.
There is a stone staircase leading down here.
Casting: Beastly Appendage (safe; 6% risk of failure)
Press: ? - help, Q - select action, (/) - cycle Dir - look around, f - activate You grow a pair of large bovine horns.
Your feet morph into talons.
Your +0 helmet of intelligence melds into your body.
You feel stupid. The sky beast closely misses you.
You completely miss the sky beast. You claw the sky beast.
You bite the sky beast. You drain its power.
You feel invigorated.
The sky beast is moderately wounded.
You miss the sky beast. You headbutt the sky beast!
You bite the sky beast, but do no damage.
The sky beast is severely wounded.
The sky beast flickers out of sight!
Deactivating autopickup; reactivate with Ctrl-A.
Something hits you. Something shocks you.
You miss something. Your kick misses something. Your headbutt misses something.
Something hits you. Something shocks you.
You closely miss something. Your kick misses something.
Your bite misses something. Something hits you. Something shocks you.
You hit something. You claw something. Your bite misses something.
Something hits you. Something shocks you.
* * * LOW HITPOINT WARNING * * *
Okay, then.
A sky beast appears from thin air!
Reactivating autopickup.
The sky beast attacks as you move away!
The sky beast hits you but does no damage.
The sky beast attacks as you move away! The sky beast hits you.
* * * LOW HITPOINT WARNING * * *
The sky beast shocks you.
* * * LOW HITPOINT WARNING * * *
The sky beast flickers out of sight!
Deactivating autopickup; reactivate with Ctrl-A.
Something hits you.
You die...

##.####.#...#.#.....
#.# #.#...........
#.# #.#.....[.#. #[#
#.####.#..#
.####.####.####.#..#
.....<..........>..#
.####.###.######{#.#
#.# #.######.# # #.#
#.......@# #.#
#.######.# #.# #.#
#.# ... #.# #.#
#####.######.# #.#
#.........# #.#
#..######## #.#
#..####### #.#
#......... #.#


There were no monsters in sight!

Vanquished Creatures
  4 adders
  An ufetubus (D:4)
  A worm (D:3)
  An orc (D:3)
  8 bats
  4 endoplasms
  A giant cockroach (D:2)
  3 hobgoblins (D:1)
  3 jackals (D:1)
  2 quokkas (D:1)
  5 ball pythons
  4 frilled lizards
  3 goblins (D:1)
  3 kobolds (D:1)
  4 rats
47 creatures vanquished.

Vanquished Creatures (others)
  A demonic plant (D:1)
  2 withered plants (D:1)
3 creatures vanquished.

Grand Total: 50 creatures vanquished

Notes
Turn   | Place    | Note
-------+----------+-------------------------------------------
     0 | D:1      | DeathPants the Vine Stalker Transmuter began the quest for
                  | the Orb.
     0 | D:1      | Reached XP level 1. HP: 9/9 MP: 4/4
    72 | D:1      | Reached skill level 1 in Fighting
   191 | D:1      | Reached XP level 2. HP: 14/14 MP: 4/6
   229 | D:1      | Got the Guide on Translocation and Sinister Mysteries
   687 | D:2      | Reached XP level 3. HP: 11/18 MP: 5/7
   807 | D:1      | Found a faded altar of an unknown god.
  1853 | D:2      | Learned a level 2 spell: Wereblood
  2002 | D:3      | Gained mutation: Your natural rate of healing is unusually
                  | fast. [Vine Stalker growth]
  2002 | D:3      | Reached XP level 4. HP: 8/22 MP: 4/9
  2560 | D:4      | Identified the +6 dagger of Valiance {venom, rC+}
  2655 | D:5      | Entered Level 5 of the Dungeon
  2655 | D:5      | Noticed a sky beast
  2666 | D:4      | HP: 1/23 [sky beast (4)]
  2667 | D:4      | Slain by a sky beast

Illustrated notes

Levels and vault maps discovered:
D:1:      dpeg_arrival_rooms_c, layout_basic, shapermc_ecumenical_altar_gd
D:2:      layout_rooms
D:3:      layout_basic, portal_sewer_entry_d
D:4:      layout_basic, chequers_temple_overflow_minitemple,
          chequers_serial_rivers_marsh, uniq_ijyb
D:5:      layout_rooms, mainiacjoe_overflow_tiny_flanked,
          minmay_temple_entry_nine_rooms, minmay_misc_feat_nine_boxes,
          uniq_prince_ribbit1

Skill      XL: |  1  2  3 |
---------------+----------+-----
Fighting       | 1 |  1.8
Dodging        | 2 |  2.1
Unarmed Combat | |  3.5
Spellcasting   | |  2.8
Transmutations | |  2.7

Action                     |  1- 3 |  4- 6 || total
---------------------------+-------+-------++-------
  Melee: Unarmed           |    93 |    26 ||   119
         Kick              |    22 |     5 ||    27
         Bite              |    24 |    11 ||    35
         Headbutt          |    11 |     1 ||    12
         Punch             |     1 |       ||     1
   Cast: Beastly Appendage |    26 |     6 ||    32
    Use: Scroll            |     7 |     4 ||    11
 Armour: Robe              |    15 |    11 ||    26
  Dodge: Dodged            |    60 |    15 ||    75

Table legend: (Time is in decaauts)
 A = Elapsed time spent in this place.
 B = Non-inter-level travel time spent in this place.
 C = Inter-level travel time spent in this place.
 D = Time resting spent in this place.
 E = Time spent auto-exploring this place.
 F = Levels seen in this place.
 G = Mean time per level.
                   A        B        C        D        E       F      G
               +--------+--------+--------+--------+--------+-----+--------+
         Total |   2668 |   2609 |     59 |    200 |   1788 |   5 |  533.6 |
       Dungeon |   2668 |   2609 |     59 |    200 |   1788 |   5 |  533.6 |
               +--------+--------+--------+--------+--------+-----+--------+

Top non-repeatable levels by time:
     D:1: 1297 daAuts
     D:3: 671 daAuts
     D:2: 572 daAuts
     D:4: 125 daAuts
     D:5: 1 daAuts
